TOP OF THE 1ST |
Pensacola Blue Wahoos batting - Pitching for Columbia Fireflies : RHP Brett Hackmann
|
Pitching: RHP Brett Hackmann
|
|
Batting: RHB Solange Le Coq
|
0-0: Called Strike 0-1: Swinging Strike 0-2: SINGLE (Flyball, 3D, EV 93.1 MPH)
|
Batting: RHB Tim Wormell
|
0-0: Ball Solange Le Coq steals 2nd base 1-0: Ball 2-0: Swinging Strike 2-1: Ball 3-1: Foul Ball, location: 2F 3-2: Foul Ball, location: 2F 3-2: Ground out 5-3 (Groundball, 56, EV 97.5 MPH)
|
Batting: LHB Steven Wamble
|
0-0: Ball Solange Le Coq steals 3rd base 1-0: Foul Ball, location: 2F 1-1: Swinging Strike 1-2: Fly out, F5 (Popup, 56S, EV 75.0 MPH)
|
Batting: LHB Manny Ruvalcaba
|
0-0: Ball 1-0: Foul Ball, location: 2F 1-1: Foul Ball, location: 2F 1-2: Fly out, F4 (Line Drive, 4, EV 72.5 MPH)
|
Top of the 1st over - 0 runs, 1 hit, 0 errors, 1 left on base; Pensacola 0 - Columbia 0 |
BOTTOM OF THE 1ST |
Columbia Fireflies batting - Pitching for Pensacola Blue Wahoos : RHP Jalen Patterson
|
Pitching: RHP Jalen Patterson
|
|
Batting: RHB Jonathan Jelich
|
0-0: Called Strike 0-1: Foul Ball, location: 2F 0-2: Ball 1-2: Foul Ball, location: 2F 1-2: Ball 2-2: Strikes out swinging
|
Batting: LHB Joey Biber
|
0-0: Swinging Strike 0-1: Ball 1-1: Ball 2-1: Swinging Strike 2-2: Strikes out looking
|
Batting: LHB Marc Durgin
|
0-0: Ball 1-0: Foul Ball, location: 2F 1-1: Foul Ball, location: 2F 1-2: Hit by Pitch
|
Batting: LHB Roy Blonski
|
0-0: Ground out 4-3 (Groundball, 34, EV 88.8 MPH)
|
Bottom of the 1st over - 0 runs, 0 hits, 0 errors, 1 left on base; Pensacola 0 - Columbia 0 |
TOP OF THE 2ND |
Pensacola Blue Wahoos batting - Pitching for Columbia Fireflies : RHP Brett Hackmann
|
Batting: RHB Jon Marquez
|
0-0: Ball 1-0: Fly out, F4 (Flyball, 34D, EV 88.8 MPH)
|
Batting: SHB Jared Thomas
|
0-0: Ball 1-0: Ground out 5-3 (Groundball, 5, EV 85.6 MPH)
|
Batting: RHB Chris Holland
|
0-0: Foul Ball, location: 2F 0-1: Ball 1-1: Ball 2-1: Foul Ball, location: 2F 2-2: Foul Ball, location: 2F 2-2: Foul Ball, location: 2F 2-2: Ground out 6-3 (Groundball, 6M, EV 88.1 MPH)
|
Top of the 2nd over - 0 runs, 0 hits, 0 errors, 0 left on base; Pensacola 0 - Columbia 0 |
BOTTOM OF THE 2ND |
Columbia Fireflies batting - Pitching for Pensacola Blue Wahoos : RHP Jalen Patterson
|
Batting: RHB Bobby Mabrey
|
0-0: Ball 1-0: Ball 2-0: Called Strike 2-1: DOUBLE (Flyball, 89D, EV 108.8 MPH)
|
Batting: RHB Mike Phillips
|
0-0: Ball 1-0: Ball 2-0: SINGLE (Groundball, 25, EV 72.5 MPH) (infield hit) Bobby Mabrey to third
|
Batting: LHB Pete DeHart
|
0-0: Fly out, F2 (Popup, 25F, EV 79.4 MPH)
|
Batting: RHB Yoshiro Higuchi
|
0-0: Swinging Strike 0-1: SINGLE (Flyball, 9LS, EV 82.5 MPH) Bobby Mabrey scores Mike Phillips to second
|
Batting: RHB Ricky Trejo
|
0-0: Foul Ball, location: 2F 0-1: SINGLE (Line Drive, 7S, EV 110.6 MPH) Mike Phillips to third Yoshiro Higuchi to second Runner from 3rd tries for Home, SAFE, throw by LF to home
|
Batting: RHB Jonathan Jelich
|
0-0: Called Strike Yoshiro Higuchi steals 3rd base 0-1: Ball 1-1: Ball 2-1: Foul Ball, location: 2F 2-2: Foul Ball, location: 2F 2-2: Grounds into double play, 6-4-3 (Groundball, 6, EV 103.8 MPH)
|
Bottom of the 2nd over - 2 runs, 4 hits, 0 errors, 1 left on base; Pensacola 0 - Columbia 2 |
TOP OF THE 3RD |
Pensacola Blue Wahoos batting - Pitching for Columbia Fireflies : RHP Brett Hackmann
|
Batting: RHB Jose Caraballo
|
0-0: Ball 1-0: Foul Ball, location: 2F 1-1: Called Strike 1-2: Strikes out looking
|
Batting: LHB James Himes
|
0-0: Foul Ball, location: 2F 0-1: Ball 1-1: Foul Ball, location: 2F 1-2: Strikes out swinging
|
Batting: RHB Solange Le Coq
|
0-0: Called Strike 0-1: Swinging Strike 0-2: Ball 1-2: Strikes out swinging
|
Top of the 3rd over - 0 runs, 0 hits, 0 errors, 0 left on base; Pensacola 0 - Columbia 2 |
BOTTOM OF THE 3RD |
Columbia Fireflies batting - Pitching for Pensacola Blue Wahoos : RHP Jalen Patterson
|
Batting: LHB Joey Biber
|
0-0: Ball 1-0: Ground out 6-3 (Groundball, 6M, EV 101.3 MPH)
|
Batting: LHB Marc Durgin
|
0-0: Fly out, F6 (Popup, P, EV 88.8 MPH)
|
Batting: LHB Roy Blonski
|
0-0: Fly out, F5 (Line Drive, 5, EV 61.9 MPH)
|
Bottom of the 3rd over - 0 runs, 0 hits, 0 errors, 0 left on base; Pensacola 0 - Columbia 2 |
TOP OF THE 4TH |
Pensacola Blue Wahoos batting - Pitching for Columbia Fireflies : RHP Brett Hackmann
|
Batting: RHB Tim Wormell
|
0-0: Called Strike 0-1: Fly out, F5 (Line Drive, 5, EV 68.1 MPH)
|
Batting: LHB Steven Wamble
|
0-0: Called Strike 0-1: Fly out, F8 (Flyball, 8LS, EV 89.4 MPH)
|
Batting: LHB Manny Ruvalcaba
|
0-0: Ball 1-0: Ball 2-0: SINGLE (Groundball, 3D, EV 103.1 MPH)
|
Batting: RHB Jon Marquez
|
0-0: Ball 1-0: SINGLE (Flyball, 5D, EV 94.4 MPH) Manny Ruvalcaba to second
|
Batting: SHB Jared Thomas
|
0-0: Swinging Strike 0-1: Ball 1-1: Reached on error, E4 (Groundball, 4, EV 75.6 MPH) Manny Ruvalcaba to third Jon Marquez to second
|
Batting: RHB Chris Holland
|
0-0: Foul Ball, location: 2F 0-1: Foul Ball, location: 2F 0-2: Fly out, F7 (Flyball, 7LD, EV 100.6 MPH)
|
Top of the 4th over - 0 runs, 2 hits, 1 error, 3 left on base; Pensacola 0 - Columbia 2 |
BOTTOM OF THE 4TH |
Columbia Fireflies batting - Pitching for Pensacola Blue Wahoos : RHP Jalen Patterson
|
Batting: RHB Bobby Mabrey
|
0-0: Foul Ball, location: 2F 0-1: Ground out U3 (Groundball, 34S, EV 86.3 MPH)
|
Batting: RHB Mike Phillips
|
0-0: Ball 1-0: Foul Ball, location: 2F 1-1: Foul Ball, location: 2F 1-2: Ground out 6-3 (Groundball, 6, EV 84.4 MPH)
|
Batting: LHB Pete DeHart
|
0-0: Called Strike 0-1: Swinging Strike 0-2: Ball 1-2: Ball 2-2: Foul Ball, location: 2F 2-2: Ball 3-2: Foul Ball, location: 2F 3-2: Strikes out looking
|
Bottom of the 4th over - 0 runs, 0 hits, 0 errors, 0 left on base; Pensacola 0 - Columbia 2 |
TOP OF THE 5TH |
Pensacola Blue Wahoos batting - Pitching for Columbia Fireflies : RHP Brett Hackmann
|
Batting: RHB Jose Caraballo
|
0-0: Ball 1-0: Ball 2-0: Foul Ball, location: 2F 2-1: Fly out, F8 (Line Drive, 8LM, EV 108.8 MPH)
|
Batting: LHB James Himes
|
0-0: Ball 1-0: Ground out 6-3 (Groundball, 6, EV 86.9 MPH)
|
Batting: RHB Solange Le Coq
|
0-0: Called Strike 0-1: Ball 1-1: Foul Ball, location: 2F 1-2: Ball 2-2: SINGLE (Line Drive, 7S, EV 86.3 MPH)
|
Batting: RHB Tim Wormell
|
0-0: Ball 1-0: Ball Solange Le Coq steals 2nd base 2-0: Ball 3-0: Base on Balls
|
Batting: LHB Steven Wamble
|
0-0: Fly out, F7 (Flyball, 7, EV 76.3 MPH)
|
Top of the 5th over - 0 runs, 1 hit, 0 errors, 2 left on base; Pensacola 0 - Columbia 2 |
BOTTOM OF THE 5TH |
Columbia Fireflies batting - Pitching for Pensacola Blue Wahoos : RHP Jalen Patterson
|
Batting: RHB Yoshiro Higuchi
|
0-0: Called Strike 0-1: Ball 1-1: Ball 2-1: Swinging Strike 2-2: Strikes out swinging
|
Batting: RHB Ricky Trejo
|
0-0: Fly out, F5 (Line Drive, 5, EV 76.9 MPH)
|
Batting: RHB Jonathan Jelich
|
0-0: Ball 1-0: Swinging Strike 1-1: Foul Ball, location: 2F 1-2: TRIPLE (Line Drive, 9D, EV 97.5 MPH)
|
Batting: LHB Joey Biber
|
0-0: Called Strike 0-1: Fly out, F8 (Flyball, 8RM, EV 93.1 MPH)
|
Bottom of the 5th over - 0 runs, 1 hit, 0 errors, 1 left on base; Pensacola 0 - Columbia 2 |
TOP OF THE 6TH |
Pensacola Blue Wahoos batting - Pitching for Columbia Fireflies : RHP Brett Hackmann
|
Batting: LHB Manny Ruvalcaba
|
0-0: Foul Ball, location: 2F 0-1: Ground out 4-3 (Groundball, 34D, EV 105.0 MPH)
|
Batting: RHB Jon Marquez
|
0-0: Ball 1-0: Ball 2-0: Ball 3-0: Base on Balls
|
Batting: SHB Jared Thomas
|
0-0: Ball 1-0: Called Strike 1-1: Ball 2-1: Called Strike Jon Marquez steals 2nd, throwing error, E2 Jon Marquez to third 2-2: Ball Wild Pitch! Jon Marquez scores 3-2: Strikes out swinging
|
Batting: RHB Chris Holland
|
0-0: Fly out, F5 (Popup, 5SF, EV 80.6 MPH)
|
Top of the 6th over - 1 run, 0 hits, 1 error, 0 left on base; Pensacola 1 - Columbia 2 |
BOTTOM OF THE 6TH |
Columbia Fireflies batting - Pitching for Pensacola Blue Wahoos : RHP Jalen Patterson
|
Batting: LHB Marc Durgin
|
0-0: Ball 1-0: Called Strike 1-1: Ball 2-1: Fly out, F6 (Popup, 6, EV 68.8 MPH)
|
Batting: LHB Roy Blonski
|
0-0: Foul Ball, location: 2F 0-1: Ball 1-1: Ball 2-1: Swinging Strike 2-2: Fly out, F7 (Flyball, 78S, EV 92.5 MPH)
|
Batting: RHB Bobby Mabrey
|
0-0: Called Strike 0-1: Ball 1-1: Ball 2-1: Called Strike 2-2: Foul Ball, location: 2F 2-2: Ball 3-2: Foul Ball, location: 2F 3-2: Foul Ball, location: 2F 3-2: Foul Ball, location: 2F 3-2: Base on Balls
|
Pitching: RHP Brett Cooke
|
|
Batting: RHB Mike Phillips
|
0-0: Foul Ball, location: 2F 0-1: Ground out U3 (Groundball, 34, EV 90.0 MPH)
|
Bottom of the 6th over - 0 runs, 0 hits, 0 errors, 1 left on base; Pensacola 1 - Columbia 2 |
TOP OF THE 7TH |
Pensacola Blue Wahoos batting - Pitching for Columbia Fireflies : RHP Brett Hackmann
|
Pitching: RHP Battista Aldobrandini
|
|
Batting: RHB Jose Caraballo
|
0-0: Ball 1-0: Called Strike 1-1: Foul Ball, location: 2F 1-2: Ball 2-2: Strikes out looking
|
Batting: LHB James Himes
|
0-0: Ball 1-0: Ball 2-0: Called Strike 2-1: Foul Ball, location: 2F 2-2: Ball 3-2: Ground out 6-3 (Groundball, 6, EV 84.4 MPH)
|
Batting: RHB Solange Le Coq
|
0-0: Ball 1-0: Ball 2-0: Called Strike 2-1: Called Strike 2-2: Ball 3-2: Base on Balls
|
Batting: RHB Tim Wormell
|
0-0: Ball Solange Le Coq steals 2nd base 1-0: Ball 2-0: Foul Ball, location: 2F 2-1: Swinging Strike 2-2: Ground out 4-3 (Groundball, 4M, EV 88.8 MPH)
|
Top of the 7th over - 0 runs, 0 hits, 0 errors, 1 left on base; Pensacola 1 - Columbia 2 |
BOTTOM OF THE 7TH |
Columbia Fireflies batting - Pitching for Pensacola Blue Wahoos : RHP Brett Cooke
|
Batting: LHB Pete DeHart
|
0-0: Ball 1-0: SINGLE (Line Drive, 8RS, EV 103.1 MPH)
|
Batting: RHB Yoshiro Higuchi
|
Pickoff Throw to First - Error! E1 Pete DeHart to second 0-0: Intentional Walk
|
Batting: RHB Ricky Trejo
|
0-0: Bunted foul 0-1: Bunted foul 0-2: Ball 1-2: Ground out 6-3 (Groundball, 56, EV 98.1 MPH) Pete DeHart to third Yoshiro Higuchi to second
|
Batting: RHB Jonathan Jelich
|
0-0: SINGLE (Groundball, 6MD, EV 96.9 MPH) Pete DeHart scores Yoshiro Higuchi to third Runner from 3rd tries for Home, SAFE, throw by CF to home
|
Batting: LHB Joey Biber
|
0-0: Ball 1-0: Called Strike Jonathan Jelich steals 2nd base 1-1: DOUBLE (Line Drive, 7LM, EV 101.3 MPH) Jonathan Jelich scores
|
Pitching: LHP Brian Whittall
|
|
Batting: LHB Marc Durgin
|
0-0: Ball 1-0: Ground out 5-3 (Groundball, 15, EV 87.5 MPH)
|
Batting: LHB Roy Blonski
|
0-0: Swinging Strike 0-1: Ball 1-1: Ball 2-1: Fly out, F8 (Flyball, 8LD, EV 86.9 MPH)
|
Bottom of the 7th over - 3 runs, 3 hits, 1 error, 1 left on base; Pensacola 1 - Columbia 5 |
TOP OF THE 8TH |
Pensacola Blue Wahoos batting - Pitching for Columbia Fireflies : RHP Battista Aldobrandini
|
Pitching: RHP Casey Cuomo
|
|
Batting: LHB Steven Wamble
|
0-0: Ball 1-0: DOUBLE (Line Drive, 5D, EV 98.8 MPH)
|
Batting: LHB Manny Ruvalcaba
|
0-0: 2-RUN HOME RUN (Line Drive, 89XD, EV 103.1 MPH), Distance : 401 ft
|
Batting: RHB Jon Marquez
|
0-0: Ball 1-0: Swinging Strike 1-1: Ball 2-1: Called Strike 2-2: Strikes out looking
|
Batting: SHB Jared Thomas
|
0-0: Ball 1-0: Ground out 6-3 (Groundball, 6, EV 84.4 MPH)
|
Batting: RHB Chris Holland
|
0-0: Foul Ball, location: 2F 0-1: Ball 1-1: Ball 2-1: Foul Ball, location: 2F 2-2: Foul Ball, location: 2F 2-2: Ground out 5-3 (Groundball, 56, EV 99.4 MPH)
|
Top of the 8th over - 2 runs, 2 hits, 0 errors, 0 left on base; Pensacola 3 - Columbia 5 |
BOTTOM OF THE 8TH |
Columbia Fireflies batting - Pitching for Pensacola Blue Wahoos : LHP Brian Whittall
|
Batting: RHB Bobby Mabrey
|
0-0: Ball 1-0: Ball 2-0: Foul Ball, location: 2F 2-1: Ball 3-1: Foul Ball, location: 2F 3-2: Foul Ball, location: 2F 3-2: Foul Ball, location: 2F 3-2: Base on Balls
|
Batting: RHB Mike Phillips
|
0-0: Ball 1-0: Sac Bunt to 5S - play at first, batter OUT! 5-4 Bobby Mabrey to second
|
Batting: LHB Pete DeHart
|
0-0: Called Strike 0-1: DOUBLE (Line Drive, 3D, EV 102.5 MPH) Bobby Mabrey scores
|
Batting: RHB Yoshiro Higuchi
|
0-0: Called Strike 0-1: DOUBLE (Line Drive, 8RD, EV 99.4 MPH) Pete DeHart scores
|
Batting: RHB Ricky Trejo
|
0-0: Fly out, F7 (Flyball, 7LM, EV 93.8 MPH)
|
Batting: RHB Jonathan Jelich
|
0-0: Foul Ball, location: 2F 0-1: Ball 1-1: Foul Ball, location: 2F 1-2: DOUBLE (Line Drive, 5D, EV 103.8 MPH) Yoshiro Higuchi scores
|
Batting: LHB Joey Biber
|
0-0: Ball 1-0: Called Strike 1-1: Foul Ball, location: 2F 1-2: TRIPLE (Groundball, 5L, EV 108.1 MPH) Jonathan Jelich scores
|
Pitching: RHP Brad Barnhart
|
|
Batting: LHB Marc Durgin
|
0-0: Ball 1-0: Ball 2-0: Foul Ball, location: 2F 2-1: Ball 3-1: Base on Balls
|
Batting: LHB Roy Blonski
|
0-0: Foul Ball, location: 2F 0-1: Foul Ball, location: 2F 0-2: Ball 1-2: Foul Ball, location: 2F 1-2: Foul Ball, location: 2F 1-2: Reached on error, E3 (Groundball, 3, EV 84.4 MPH) Joey Biber scores Marc Durgin to second
|
Batting: RHB Bobby Mabrey
|
0-0: Foul Ball, location: 2F 0-1: Swinging Strike 0-2: Strikes out looking
|
Bottom of the 8th over - 5 runs, 4 hits, 1 error, 2 left on base; Pensacola 3 - Columbia 10 |
TOP OF THE 9TH |
Pensacola Blue Wahoos batting - Pitching for Columbia Fireflies : RHP Casey Cuomo
|
Batting: RHB Jose Caraballo
|
0-0: Called Strike 0-1: Ground out 5-3 (Groundball, 56, EV 103.8 MPH)
|
Pinch Hitting: RHB Pedro Pinero
|
0-0: Ball 1-0: Ball 2-0: Called Strike 2-1: Ground out 6-3 (Groundball, 6, EV 85.0 MPH)
|
Batting: RHB Solange Le Coq
|
0-0: Called Strike 0-1: Fly out, F8 (Flyball, 8LD, EV 100.0 MPH)
|
Top of the 9th over - 0 runs, 0 hits, 0 errors, 0 left on base; Pensacola 3 - Columbia 10 |
|